 Dungeon Crawl Stone Soup version 0.26.0-10-g1f06aea511 (webtiles) character file.

Game seed: 2429058445129281813

35 MajorAdolf the Stinger (level 3, -1/32 HPs)
             Began as a Naga Wanderer on Jan 16, 2021.
             Slain by a worm (10 damage)
             ... on level 1 of the Dungeon.
             The game lasted 00:01:47 (1862 turns).

MajorAdolf the Stinger (Naga Wanderer)              Turns: 1862, Time: 00:01:48

Health: -1/32      AC:  2    Str: 17    XL:     3   Next: 33%
Magic:  3/3        EV:  9    Int: 11    God:
Gold:   9          SH:  0    Dex:  9    Spells: 1/2 levels left

rFire    . . .     SeeInvis +   a - +0 dagger
rCold    . . .     Faith    .   (no shield)
rNeg     . . .     Spirit   .   e - +0 robe
rPois    +         Reflect  .   (no helmet)
rElec    .         Harm     .   (no cloak)
rCorr    .         Rampage  .   (no gloves)
Will     .....                  (no barding)
Stlth    ++........             (no amulet)
HPRegen  0.10/turn              (no ring)
MPRegen  0.08/turn              (no ring)

@: short of breath, very slow
A: large, see invisible, deformed body, poison resistance, slowness 2, spit
poison 1, AC +1
a: Spit Poison


You were on level 1 of the Dungeon.
You visited 1 branch of the dungeon, and saw 2 of its levels.

You collected 9 gold pieces.

Inventory:

Hand Weapons
 a - a +0 dagger (weapon)
 j - a +0 dagger of flaming
Missiles
 c - 7 poisoned darts (quivered)
Armour
 e - a +0 robe (worn)
Wands
 d - a wand of flame (15)
Scrolls
 b - a scroll of blinking {unknown}
 f - a scroll of teleportation {unknown}
 k - a scroll of remove curse {unknown}
 l - a scroll of immolation {unknown}
 m - a scroll of identify {unknown}
 n - a scroll of fear {unknown}
 p - a scroll of enchant armour {unknown}
Potions
 g - a potion of curing {unknown}
 h - a potion of experience {unknown}
 i - a potion of heal wounds {unknown}
 o - a potion of cancellation {unknown}


   Skills:
 + Level 2.0 Fighting
 - Level 2.0 Maces & Flails
 - Level 1.0 Throwing
 - Level 1.0 Armour
 + Level 3.1 Stealth
 - Level 1.0 Hexes
 - Level 5.3 Poison Magic
 - Level 1.0 Evocations


You had one spell level left.
You knew the following spells:

 Your Spells              Type           Power        Failure   Level
a - Shock                 Conj/Air       0%           34%         1

Your spell library contained the following spells:

 Spells                   Type           Power        Failure   Level
 Mephitic Cloud           Conj/Pois/Air  3%           45%         3


Dungeon Overview and Level Annotations

Branches:
Dungeon (2/15)

Altars:

Annotations:
D:2 Terence


Innate Abilities, Weirdness & Mutations

You cannot wear boots.
Your serpentine skin is tough. (AC +1)
You have supernaturally acute eyesight. (SInv)
Armour fits poorly on your strangely shaped body.
Your system is resistant to poisons. (rPois)
You cover ground very slowly.
You can spit poison.


Message History

You closely miss the kobold.
You have got your breath back.
The kobold hits you but does no damage.
You hit the kobold.
The kobold is heavily wounded.
The kobold hits you but does no damage.
Press: ? - help, Shift-Dir - straight line, f/p - kobold
Aim: a kobold, wielding a +0 short sword (heavily wounded)
The splash of poison hits the kobold.
You kill the kobold!
Your Fighting skill increases to level 2!
Unknown command.
The worm bites you!
* * * LOW HITPOINT WARNING * * *
Things that are here:
a +0 short sword; a kobold corpse You hit the worm.
The worm is lightly wounded.
The worm looks more healthy.
The worm bites you!
You die...

##################
.................#
##...###########.#
#.....#### #@# .........#
##w##########
.........######....(.>....#
##...###..................#
##.###...#####..###.#.#..#
#.##.....###.........#..#
#.#............###.#.#..#
#.##.....####...........##
#.###...## #.####.#.....#


You could see a worm.

Vanquished Creatures
  An ooze (D:1)
  A dart slug (D:1)
  A leopard gecko (D:1)
  8 goblins (D:1)
  A hobgoblin (D:1)
  3 jackals (D:1)
  4 bats (D:1)
  A frilled lizard (D:1)
  4 kobolds (D:1)
  A rat (D:1)
25 creatures vanquished.

Notes
Turn   | Place    | Note
-------+----------+-------------------------------------------
     0 | D:1      | MajorAdolf the Naga Wanderer began the quest for the Orb.
     0 | D:1      | MajorAdolf set off with the following items: a +0 dagger, 7
                  | poisoned darts, a wand of flame (15), a +0 robe; and the
                  | following spell memorised: Shock; and the following spells
                  | available to memorise: Mephitic Cloud
     0 | D:1      | Reached XP level 1. HP: 15/15 MP: 1/1
   302 | D:1      | Reached skill level 1 in Fighting
   302 | D:1      | Reached skill level 1 in Stealth
   302 | D:1      | Reached XP level 2. HP: 16/25 MP: 2/2
  1322 | D:1      | Reached XP level 3. HP: 32/32 MP: 3/3
  1846 | D:2      | Noticed Terence
  1862 | D:1      | Slain by a worm

Illustrated notes

Levels and vault maps discovered:
D:1:      dpeg_arrival_castle, layout_loops_ring, serial_bayou_pond_d
D:2:      layout_rooms, uniq_terence, uniq_jessica

Skill      XL: |  1  2  3 |
---------------+----------+-----
Fighting       | 1 2 |  2.0
Stealth        | 1 2 3 |  3.1
Maces & Flails | |  2.0
Throwing       | |  1.0
Armour         | |  1.0
Hexes          | |  1.0
Poison Magic   | |  5.3
Evocations     | |  1.0

Action                   || total
-------------------------++-------
Melee: Dagger            ||    77
 Abil: Spit Poison       ||    18
Armor: Robe              ||    11
Dodge: Dodged            ||    30
